details: 'stupidgamewhyuploaditjakeretarded'

« prev index next »

General information

Mini Map

Players

team 1
Humanlllove (green | 16 APM | 7 actions | 00:25)

» actions
Build / train3
Right click2
Select / deselect2
7 total
» units
Peasant3
3 total
Random» LeSheno (red | 16 APM | 4 actions | 00:14)

» actions
Enter build submenu1
Right click1
Select / deselect2
4 total
Orc823723895729789 (orange | 0 APM | 0 actions | 00:04)
NightElfNDPhe (blue | 36 APM | 5 actions | 00:08)

» actions
Right click1
Select / deselect4
5 total
team 2
Humanmark3679 (purple | 35 APM | 15 actions | 00:25)

» actions
Build / train2
Enter build submenu2
Right click4
Select / deselect5
Use ability2
15 total
» units
Peasant2
2 total
» buildings
Lumber Mill1
Farm1
2 total
» build order
00:17 Lumber Mill
00:24 Farm
HumanSeaLab2021 (yellow | 31 APM | 13 actions | 00:25)

» actions
Build / train2
Enter build submenu2
Right click3
Select / deselect4
Use ability2
13 total
» units
Peasant2
2 total
» buildings
Altar of Kings1
Farm1
2 total
» build order
00:09 Altar of Kings
00:13 Farm
HumanKillerConrad (pink | 45 APM | 19 actions | 00:25)

» actions
Build / train3
Enter build submenu2
Right click6
Select / deselect6
Use ability2
19 total
» units
Peasant3
3 total
» buildings
Altar of Kings1
Barracks1
2 total
» build order
00:12 Altar of Kings
00:23 Barracks
Random» OrcJack_Webb (teal | 45 APM | 19 actions | 00:25)

» actions
Build / train4
Enter build submenu2
Right click6
Select / deselect5
Use ability2
19 total
» units
Peon4
4 total
» buildings
Altar of Storms1
Orc Burrow1
2 total
» build order
00:18 Altar of Storms
00:24 Orc Burrow

Chat log

(00:05 / All) lllove: this is just bullshit
(00:10 / All) lllove: all high levels on other side
(00:16 / All) lllove: red is total retard on my team last game